2865 views
Uploaded 2020-03-02 00:45:32
Game version 1.32.2
26:54 long 4on4 ladder game on (8)MarketSquare
Saved by Teelo
2865 views
Uploaded 2020-03-02 00:45:32
Game version 1.32.2
26:54 long 4on4 ladder game on (8)MarketSquare


251 units @ 33.3k
/ 4.2k
94 buildings @ 16.5k
/ 7k


| Orb of Venom | 1 | 325 |
| Scroll of Healing | 2 | 500 |
| Potion of Lesser Invulnerability | 1 | 150 |
| Scroll of Protection | 1 | 150 |
| total: | 5 | 1125g |
| Wisp | 33 | 1980 | / | 0 |
| Archer | 7 | 910 | / | 70 |
| Hippogryph | 14 | 2240 | / | 280 |
| Druid of the Talon | 6 | 870 | / | 120 |
| Chimaera | 11 | 3630 | / | 770 |
| total: | 71 | 9630g | / | 1240w |
| Ancient Protector | 2 | 270 | / | 160 |
| Altar of Elders | 1 | 180 | / | 50 |
| Moon Well | 9 | 1620 | / | 360 |
| Ancient of War | 1 | 150 | / | 60 |
| Hunter's Hall | 1 | 210 | / | 100 |
| Tree of Life | 3 | 1020 | / | 555 |
| Ancient of Wonders | 1 | 90 | / | 30 |
| Ancient of Wind | 2 | 300 | / | 280 |
| Chimaera Roost | 3 | 420 | / | 570 |
| Tree of Ages | 1 | 320 | / | 180 |
| Tree of Eternity | 1 | 330 | / | 200 |
| total: | 23 | 4260g | / | 2165w |
| 0:03 | Wisp |
| 0:04 | Wisp |
| 0:17 | Altar of Elders |
| 0:27 | Moon Well |
| 0:31 | Wisp |
| 0:31 | Wisp |
| 0:49 | Wisp |
| 0:49 | Wisp |
| 1:07 | Ancient of War |
| 1:10 | Wisp |
| 1:10 | Wisp |
| 1:23 | Wisp |
| 1:43 | Moon Well |
| 1:46 | Wisp |
| 1:46 | Wisp |
| 2:14 | Archer |
| 2:19 | Force of Nature |
| 2:36 | Wisp |
| 2:40 | Wisp |
| 2:41 | Wisp |
| 2:57 | Tree of Ages |
| 2:57 | Archer |
| 2:58 | Archer |
| 3:02 | Hunter's Hall |
| 3:29 | Moon Well |
| 3:54 | Moon Well |
| 3:56 | Archer |
| 3:56 | Archer |
| 4:26 | Entangling Roots |
| 4:31 | Tree of Life |
| 4:35 | Tree of Life |
| 4:44 | Archer |
| 4:59 | Ancient Protector |
| 5:43 | Ancient of Wind |
| 5:45 | Wisp |
| 5:45 | Wisp |
| 6:04 | Archer |
| 6:10 | Ancient of Wonders |
| 6:18 | Force of Nature |
| 7:16 | Tree of Eternity |
| 7:17 | Hippogryph |
| 7:17 | Hippogryph |
| 7:17 | Hippogryph |
| 8:09 | Moon Well |
| 8:12 | Moon Well |
| 8:16 | Moon Well |
| 8:22 | Ancient Protector |
| 8:32 | Wisp |
| 8:32 | Wisp |
| 8:33 | Wisp |
| 8:33 | Wisp |
| 8:33 | Wisp |
| 8:41 | Moon Well |
| 8:52 | Hippogryph |
| 8:53 | Hippogryph |
| 9:06 | Improved Bows |
| 9:08 | Strength of the Wild |
| 9:58 | Entangling Roots |
| 10:08 | Chimaera Roost |
| 10:12 | Chimaera Roost |
| 10:16 | Wisp |
| 10:16 | Wisp |
| 10:16 | Wisp |
| 10:16 | Wisp |
| 10:17 | Wisp |
| 10:18 | Wisp |
| 10:22 | Potion of Lesser Invulnerability |
| 10:22 | Scroll of Healing |
| 10:44 | Chimaera Roost |
| 11:07 | Hippogryph |
| 11:08 | Druid of the Talon Adept Training |
| 11:09 | Druid of the Talon |
| 11:09 | Druid of the Talon |
| 11:41 | Chimaera |
| 11:45 | Wisp |
| 12:08 | Chimaera |
| 13:15 | Corrosive Breath |
| 13:18 | Moon Well |
| 14:20 | Chimaera |
| 14:22 | Druid of the Talon Master Training |
| 14:22 | Druid of the Talon |
| 14:23 | Druid of the Talon |
| 15:05 | Tree of Life |
| 15:30 | Force of Nature |
| 16:22 | Searing Arrows |
| 17:11 | Mark of the Talon |
| 17:12 | Hippogryph |
| 17:12 | Hippogryph |
| 17:13 | Hippogryph |
| 17:17 | Chimaera |
| 17:28 | Chimaera |
| 18:00 | Wisp |
| 18:00 | Wisp |
| 18:00 | Wisp |
| 18:01 | Wisp |
| 18:01 | Wisp |
| 18:27 | Hippogryph |
| 18:50 | Trueshot Aura |
| 20:23 | Chimaera |
| 20:27 | Druid of the Talon |
| 20:27 | Druid of the Talon |
| 20:43 | Ancient of Wind |
| 20:46 | Improved Strength of the Wild |
| 20:46 | Reinforced Hides |
| 21:15 | Orb of Venom |
| 21:44 | Chimaera |
| 21:46 | Chimaera |
| 21:58 | Nature's Blessing |
| 22:14 | Hippogryph |
| 22:17 | Scroll of Protection |
| 22:50 | Searing Arrows |
| 23:01 | Chimaera |
| 23:03 | Hippogryph |
| 23:04 | Hippogryph |
| 23:34 | Chimaera |
| 23:36 | Hippogryph |
| 23:45 | Scroll of Healing |
| 24:23 | Chimaera |
| Right click | 530 |
| Select group | 370 |
| Select | 328 |
| Build/train/purchase | 118 |
| Assign group | 42 |
| Use ability | 37 |
| Minimap ping | 9 |
| Resource trade | 9 |
| Esc | 2 |
| Item give/drop | 1 |


| Rod of Necromancy | 1 | 150 |
| Ritual Dagger | 1 | 125 |
| Orb of Corruption | 1 | 375 |
| Scroll of Town Portal | 1 | 350 |
| total: | 4 | 1000g |
| Acolyte | 9 | 675 | / | 0 |
| Ghoul | 6 | 720 | / | 0 |
| Crypt Fiend | 9 | 1935 | / | 360 |
| Meat Wagon | 14 | 3220 | / | 700 |
| Necromancer | 11 | 1595 | / | 220 |
| total: | 49 | 8145g | / | 1280w |
| Spirit Tower | 3 | 435 | / | 120 |
| Altar of Darkness | 1 | 180 | / | 50 |
| Crypt | 1 | 200 | / | 50 |
| Ziggurat | 11 | 1650 | / | 550 |
| Graveyard | 1 | 215 | / | 0 |
| Tomb of Relics | 1 | 130 | / | 30 |
| Temple of the Damned | 1 | 155 | / | 140 |
| Slaughterhouse | 1 | 140 | / | 135 |
| Halls of the Dead | 1 | 320 | / | 210 |
| Black Citadel | 1 | 325 | / | 230 |
| total: | 17 | 2670g | / | 955w |
| 0:03 | Acolyte |
| 0:18 | Altar of Darkness |
| 0:25 | Crypt |
| 0:28 | Ziggurat |
| 0:33 | Acolyte |
| 1:28 | Ghoul |
| 1:28 | Ghoul |
| 1:32 | Ziggurat |
| 1:42 | Graveyard |
| 2:06 | Ghoul |
| 2:06 | Ghoul |
| 2:20 | Tomb of Relics |
| 2:25 | Frost Nova |
| 3:13 | Crypt Fiend |
| 3:13 | Crypt Fiend |
| 3:18 | Ghoul |
| 3:19 | Ghoul |
| 3:24 | Crypt Fiend |
| 3:27 | Halls of the Dead |
| 3:38 | Rod of Necromancy |
| 3:45 | Ritual Dagger |
| 4:26 | Crypt Fiend |
| 4:27 | Crypt Fiend |
| 5:14 | Dark Ritual |
| 5:33 | Ziggurat |
| 5:35 | Ziggurat |
| 5:36 | Ziggurat |
| 6:09 | Ziggurat |
| 6:46 | Acolyte |
| 6:55 | Crypt Fiend |
| 6:55 | Crypt Fiend |
| 7:12 | Crypt Fiend |
| 7:17 | Temple of the Damned |
| 7:20 | Slaughterhouse |
| 7:34 | Frost Nova |
| 8:20 | Spirit Tower |
| 8:21 | Spirit Tower |
| 8:23 | Skeletal Mastery |
| 8:24 | Necromancer Adept Training |
| 8:27 | Exhume Corpses |
| 8:45 | Crypt Fiend |
| 8:52 | Acolyte |
| 9:19 | Meat Wagon |
| 9:33 | Acolyte |
| 9:34 | Acolyte |
| 9:44 | Necromancer |
| 9:58 | Acolyte |
| 10:07 | Ziggurat |
| 10:52 | Necromancer |
| 10:56 | Meat Wagon |
| 12:24 | Necromancer |
| 12:26 | Meat Wagon |
| 13:39 | Necromancer |
| 13:40 | Meat Wagon |
| 14:30 | Meat Wagon |
| 14:32 | Necromancer |
| 14:54 | Acolyte |
| 14:54 | Acolyte |
| 15:01 | Meat Wagon |
| 15:02 | Necromancer |
| 15:40 | Necromancer |
| 16:36 | Meat Wagon |
| 16:36 | Meat Wagon |
| 16:37 | Necromancer |
| 16:37 | Necromancer |
| 16:55 | Unholy Strength |
| 16:55 | Unholy Armor |
| 17:37 | Spirit Tower |
| 17:42 | Ziggurat |
| 17:44 | Ziggurat |
| 17:45 | Ziggurat |
| 17:48 | Ziggurat |
| 18:17 | Black Citadel |
| 18:26 | Necromancer |
| 18:27 | Necromancer |
| 18:28 | Meat Wagon |
| 18:28 | Meat Wagon |
| 18:57 | Meat Wagon |
| 18:59 | Improved Unholy Armor |
| 18:59 | Improved Unholy Strength |
| 20:11 | Web |
| 21:00 | Meat Wagon |
| 21:01 | Advanced Unholy Armor |
| 21:05 | Disease Cloud |
| 22:16 | Orb of Corruption |
| 22:19 | Advanced Unholy Strength |
| 23:01 | Meat Wagon |
| 23:01 | Meat Wagon |
| 23:12 | Vampiric Aura |
| 23:21 | Scroll of Town Portal |
| Right click | 1210 |
| Select | 635 |
| Select group | 234 |
| Build/train/purchase | 95 |
| Misc. action | 54 |
| Minimap ping | 22 |
| Resource trade | 16 |
| Use ability | 14 |
| Assign group | 12 |
| Esc | 6 |
| Item give/drop | 1 |


| Wisp | 52 | 3120 | / | 0 |
| Archer | 32 | 4160 | / | 320 |
| total: | 84 | 7280g | / | 320w |
| Ancient Protector | 8 | 1080 | / | 640 |
| Altar of Elders | 3 | 540 | / | 150 |
| Ancient of War | 4 | 600 | / | 240 |
| Moon Well | 17 | 3060 | / | 680 |
| Hunter's Hall | 1 | 210 | / | 100 |
| Tree of Life | 4 | 1360 | / | 740 |
| Tree of Ages | 1 | 320 | / | 180 |
| Tree of Eternity | 1 | 330 | / | 200 |
| total: | 37 | 6850g | / | 2550w |
| 0:06 | Altar of Elders |
| 0:07 | Ancient of War |
| 0:08 | Wisp |
| 0:13 | Ancient of War |
| 0:21 | Wisp |
| 0:25 | Moon Well |
| 0:35 | Wisp |
| 0:50 | Wisp |
| 1:05 | Wisp |
| 1:22 | Archer |
| 1:22 | Archer |
| 1:25 | Wisp |
| 1:30 | Archer |
| 1:44 | Moon Well |
| 1:46 | Moon Well |
| 1:50 | Wisp |
| 2:16 | Force of Nature |
| 2:24 | Moon Well |
| 2:45 | Hunter's Hall |
| 2:48 | Archer |
| 3:06 | Archer |
| 3:12 | Archer |
| 3:30 | Moon Well |
| 3:35 | Archer |
| 4:26 | Archer |
| 4:36 | Tree of Ages |
| 4:37 | Archer |
| 4:47 | Thorns Aura |
| 5:17 | Archer |
| 5:22 | Moon Well |
| 5:23 | Moon Well |
| 5:52 | Archer |
| 5:53 | Archer |
| 5:53 | Archer |
| 6:43 | Tree of Life |
| 6:51 | Force of Nature |
| 7:53 | Wisp |
| 7:54 | Wisp |
| 7:54 | Wisp |
| 7:54 | Wisp |
| 8:46 | Archer |
| 8:46 | Archer |
| 8:46 | Archer |
| 8:53 | Ancient Protector |
| 8:58 | Ancient Protector |
| 9:01 | Ancient Protector |
| 9:04 | Nature's Blessing |
| 9:13 | Ancient Protector |
| 9:20 | Wisp |
| 9:20 | Wisp |
| 9:20 | Wisp |
| 9:20 | Wisp |
| 9:20 | Wisp |
| 9:37 | Wisp |
| 9:37 | Wisp |
| 9:38 | Wisp |
| 9:39 | Wisp |
| 9:44 | Wisp |
| 9:50 | Ultravision |
| 10:47 | Ancient of War |
| 10:50 | Improved Bows |
| 11:16 | Wisp |
| 11:16 | Wisp |
| 11:16 | Wisp |
| 11:16 | Wisp |
| 11:22 | Strength of the Moon |
| 11:25 | Moon Armor |
| 11:32 | Trueshot Aura |
| 12:49 | Wisp |
| 12:49 | Wisp |
| 12:59 | Ancient Protector |
| 13:17 | Archer |
| 13:18 | Archer |
| 13:18 | Archer |
| 13:18 | Archer |
| 13:21 | Moon Well |
| 13:23 | Moon Well |
| 13:25 | Moon Well |
| 13:26 | Moon Well |
| 13:29 | Wisp |
| 13:29 | Wisp |
| 13:29 | Wisp |
| 14:13 | Ancient Protector |
| 14:16 | Ancient Protector |
| 14:31 | Ancient Protector |
| 14:37 | Archer |
| 14:38 | Archer |
| 14:38 | Archer |
| 14:38 | Archer |
| 14:38 | Archer |
| 14:39 | Archer |
| 14:43 | Moon Well |
| 15:05 | Tree of Eternity |
| 15:07 | Improved Strength of the Moon |
| 16:17 | Archer |
| 16:17 | Archer |
| 16:18 | Archer |
| 16:18 | Archer |
| 16:41 | Archer |
| 16:42 | Archer |
| 17:38 | Wisp |
| 17:39 | Wisp |
| 17:39 | Wisp |
| 17:39 | Wisp |
| 17:39 | Wisp |
| 17:40 | Wisp |
| 17:40 | Wisp |
| 19:15 | Tree of Life |
| 19:20 | Ancient of War |
| 19:21 | Altar of Elders |
| 19:25 | Tree of Life |
| 20:29 | Moon Well |
| 21:19 | Wisp |
| 21:19 | Wisp |
| 21:19 | Wisp |
| 21:19 | Wisp |
| 21:20 | Wisp |
| 21:20 | Wisp |
| 21:36 | Wisp |
| 21:36 | Wisp |
| 22:27 | Wisp |
| 22:45 | Wisp |
| 22:46 | Wisp |
| 23:02 | Moon Well |
| 23:12 | Wisp |
| 23:15 | Moon Well |
| 23:28 | Wisp |
| 23:41 | Wisp |
| 23:49 | Moon Well |
| 24:02 | Altar of Elders |
| 24:33 | Moon Well |
| 24:35 | Wisp |
| 24:57 | Tree of Life |
| Right click | 612 |
| Select | 532 |
| Build/train/purchase | 124 |
| Select group | 114 |
| Misc. action | 35 |
| Esc | 26 |
| Assign group | 21 |
| Use ability | 12 |
| Resource trade | 7 |
| Minimap ping | 5 |


| Potion of Mana | 1 | 200 |
| Potion of Healing | 1 | 150 |
| Potion of Lesser Invulnerability | 1 | 150 |
| Scroll of Protection | 1 | 150 |
| total: | 4 | 650g |
| Acolyte | 14 | 1050 | / | 0 |
| Ghoul | 7 | 840 | / | 0 |
| Crypt Fiend | 21 | 4515 | / | 840 |
| Frost Wyrm | 4 | 1540 | / | 480 |
| Forest Troll High Priest | 1 | 305 | / | 40 |
| total: | 47 | 8250g | / | 1360w |
| Spirit Tower | 6 | 870 | / | 240 |
| Altar of Darkness | 1 | 180 | / | 50 |
| Ziggurat | 9 | 1350 | / | 450 |
| Crypt | 1 | 200 | / | 50 |
| Graveyard | 1 | 215 | / | 0 |
| Tomb of Relics | 1 | 130 | / | 30 |
| Sacrificial Pit | 1 | 75 | / | 150 |
| Boneyard | 3 | 525 | / | 600 |
| Halls of the Dead | 1 | 320 | / | 210 |
| Black Citadel | 2 | 650 | / | 460 |
| total: | 17 | 2675g | / | 1330w |
| 0:05 | Acolyte |
| 0:05 | Acolyte |
| 0:11 | Altar of Darkness |
| 0:13 | Ziggurat |
| 0:38 | Crypt |
| 1:26 | Ziggurat |
| 1:43 | Ghoul |
| 1:45 | Ghoul |
| 2:03 | Ghoul |
| 2:07 | Cannibalize |
| 2:22 | Death Coil |
| 2:28 | Ghoul |
| 2:28 | Ghoul |
| 2:58 | Ghoul |
| 2:58 | Ghoul |
| 3:11 | Graveyard |
| 3:37 | Ziggurat |
| 4:48 | Creature Attack |
| 4:56 | Crypt Fiend |
| 4:56 | Crypt Fiend |
| 5:49 | Unholy Aura |
| 6:12 | Crypt Fiend |
| 6:12 | Crypt Fiend |
| 6:12 | Crypt Fiend |
| 6:12 | Crypt Fiend |
| 6:51 | Unholy Aura |
| 7:04 | Death Coil |
| 7:20 | Crypt Fiend |
| 7:20 | Crypt Fiend |
| 7:45 | Acolyte |
| 7:45 | Acolyte |
| 7:45 | Acolyte |
| 7:46 | Acolyte |
| 7:46 | Acolyte |
| 8:17 | Ziggurat |
| 8:22 | Ziggurat |
| 8:23 | Ziggurat |
| 8:29 | Creature Carapace |
| 9:10 | Spirit Tower |
| 9:13 | Spirit Tower |
| 9:18 | Spirit Tower |
| 9:19 | Spirit Tower |
| 9:22 | Crypt Fiend |
| 9:46 | Potion of Lesser Invulnerability |
| 10:01 | Scroll of Protection |
| 10:08 | Crypt Fiend |
| 10:08 | Crypt Fiend |
| 10:11 | Halls of the Dead |
| 11:01 | Forest Troll High Priest |
| 11:34 | Crypt Fiend |
| 11:34 | Crypt Fiend |
| 11:43 | Tomb of Relics |
| 12:03 | Spirit Tower |
| 12:05 | Spirit Tower |
| 13:13 | Improved Creature Attack |
| 13:16 | Web |
| 13:28 | Burrow |
| 13:31 | Improved Creature Carapace |
| 13:51 | Death Pact |
| 14:45 | Crypt Fiend |
| 14:45 | Crypt Fiend |
| 14:45 | Crypt Fiend |
| 14:45 | Crypt Fiend |
| 14:46 | Crypt Fiend |
| 14:46 | Crypt Fiend |
| 14:58 | Animate Dead |
| 15:06 | Crypt Fiend |
| 15:35 | Black Citadel |
| 15:39 | Black Citadel |
| 15:46 | Sacrificial Pit |
| 15:54 | Potion of Mana |
| 16:07 | Potion of Healing |
| 16:20 | Frost Nova |
| 16:48 | Crypt Fiend |
| 16:55 | Ziggurat |
| 16:58 | Ziggurat |
| 17:01 | Ziggurat |
| 18:48 | Boneyard |
| 18:50 | Boneyard |
| 18:51 | Boneyard |
| 20:14 | Frost Wyrm |
| 20:18 | Advanced Creature Attack |
| 20:24 | Acolyte |
| 21:42 | Frost Wyrm |
| 21:54 | Freezing Breath |
| 22:27 | Advanced Creature Carapace |
| 22:49 | Frost Wyrm |
| 23:04 | Acolyte |
| 23:04 | Acolyte |
| 23:04 | Acolyte |
| 23:04 | Acolyte |
| 23:04 | Acolyte |
| 23:05 | Acolyte |
| 23:54 | Frost Wyrm |
| Right click | 598 |
| Select group | 318 |
| Select | 245 |
| Build/train/purchase | 112 |
| Assign group | 34 |
| Use ability | 31 |
| Minimap ping | 18 |
| Item give/drop | 3 |
| Remove unit | 2 |
| Esc | 1 |
175 units @ 22.2k
/ 2.9k
90 buildings @ 14.3k
/ 6.2k


| Healing Salve | 1 | 100 |
| Scroll of Town Portal | 2 | 700 |
| total: | 3 | 800g |
| Peon | 9 | 675 | / | 0 |
| Grunt | 5 | 1000 | / | 0 |
| Raider | 12 | 2160 | / | 480 |
| Shaman | 2 | 260 | / | 40 |
| total: | 28 | 4095g | / | 520w |
| Watch Tower | 5 | 550 | / | 400 |
| Altar of Storms | 1 | 180 | / | 50 |
| Orc Burrow | 8 | 1280 | / | 320 |
| Barracks | 1 | 180 | / | 50 |
| Voodoo Lounge | 1 | 130 | / | 30 |
| War Mill | 2 | 410 | / | 0 |
| Great Hall | 1 | 385 | / | 185 |
| Beastiary | 2 | 290 | / | 280 |
| Spirit Lodge | 1 | 150 | / | 150 |
| Stronghold | 1 | 315 | / | 190 |
| Fortress | 1 | 325 | / | 190 |
| total: | 22 | 3555g | / | 1465w |
| 0:05 | Peon |
| 0:05 | Peon |
| 0:07 | Altar of Storms |
| 0:24 | Orc Burrow |
| 0:34 | Peon |
| 0:51 | Peon |
| 0:55 | Barracks |
| 1:01 | Peon |
| 1:24 | Orc Burrow |
| 1:26 | Peon |
| 1:40 | Peon |
| 2:01 | Voodoo Lounge |
| 2:05 | Peon |
| 2:15 | Grunt |
| 2:18 | Feral Spirit |
| 2:32 | Orc Burrow |
| 2:38 | Peon |
| 3:01 | Grunt |
| 3:24 | War Mill |
| 3:37 | Orc Burrow |
| 4:11 | Grunt |
| 4:32 | Stronghold |
| 4:48 | Grunt |
| 5:39 | Grunt |
| 5:51 | Steel Armor |
| 6:22 | Chain Lighting |
| 6:58 | Beastiary |
| 7:04 | Beastiary |
| 8:13 | Raider |
| 8:14 | Raider |
| 8:15 | Raider |
| 8:33 | Watch Tower |
| 8:55 | Orc Burrow |
| 9:11 | Healing Salve |
| 9:12 | Scroll of Town Portal |
| 9:28 | Ensnare |
| 9:36 | Thorium Armor |
| 10:52 | Raider |
| 11:09 | Chain Lighting |
| 11:28 | Healing Wave |
| 11:49 | Orc Burrow |
| 11:59 | Watch Tower |
| 12:41 | Steel Melee Weapons |
| 12:47 | Orc Burrow |
| 13:09 | Spirit Lodge |
| 14:18 | Raider |
| 14:34 | Raider |
| 14:59 | Shaman Adept Training |
| 15:32 | Raider |
| 16:18 | Feral Spirit |
| 16:42 | Raider |
| 17:01 | Serpent Ward |
| 17:29 | Raider |
| 18:11 | Thorium Melee Weapons |
| 18:12 | Fortress |
| 19:01 | War Mill |
| 19:09 | Orc Burrow |
| 19:48 | Scroll of Town Portal |
| 20:43 | Watch Tower |
| 21:31 | Healing Wave |
| 21:56 | Great Hall |
| 21:59 | Shaman Master Training |
| 22:00 | Shaman |
| 22:00 | Shaman |
| 22:16 | Watch Tower |
| 23:50 | Watch Tower |
| 24:17 | Arcanite Melee Weapons |
| 25:15 | Chain Lighting |
| 25:36 | Raider |
| 25:36 | Raider |
| 25:36 | Raider |
| 25:56 | Pillage |
| 26:14 | Serpent Ward |
| 26:45 | Earth Quake |
| Right click | 699 |
| Select | 235 |
| Select group | 139 |
| Build/train/purchase | 62 |
| Use ability | 29 |
| Assign group | 19 |
| Chat | 17 |
| Resource trade | 6 |
| Remove unit | 3 |
| Item give/drop | 2 |
| Minimap ping | 2 |


| Scroll of Town Portal | 1 | 350 |
| Potion of Lesser Invulnerability | 1 | 150 |
| Periapt of Vitality | 1 | 325 |
| total: | 3 | 825g |
| Peasant | 26 | 1950 | / | 0 |
| Footman | 2 | 270 | / | 0 |
| Flying Machine | 25 | 2500 | / | 750 |
| Mortar Team | 2 | 360 | / | 140 |
| total: | 55 | 5080g | / | 890w |
| Altar of Kings | 1 | 180 | / | 50 |
| Farm | 11 | 880 | / | 220 |
| Barracks | 1 | 160 | / | 60 |
| Lumber Mill | 1 | 120 | / | 0 |
| Blacksmith | 1 | 140 | / | 60 |
| Town Hall | 1 | 385 | / | 205 |
| Arcane Vault | 1 | 130 | / | 30 |
| Workshop | 3 | 420 | / | 420 |
| Keep | 1 | 320 | / | 210 |
| Castle | 1 | 360 | / | 210 |
| total: | 20 | 2415g | / | 1045w |
| 0:05 | Altar of Kings |
| 0:12 | Farm |
| 0:13 | Peasant |
| 1:24 | Keep |
| 2:14 | Summon Water Elemental |
| 3:30 | Barracks |
| 4:27 | Peasant |
| 4:45 | Brilliance Aura |
| 5:13 | Peasant |
| 5:13 | Peasant |
| 5:16 | Lumber Mill |
| 5:22 | Peasant |
| 5:22 | Peasant |
| 5:41 | Farm |
| 5:54 | Blacksmith |
| 6:04 | Farm |
| 6:15 | Holy Light |
| 6:59 | Footman |
| 7:02 | Farm |
| 7:06 | Peasant |
| 7:06 | Peasant |
| 7:06 | Peasant |
| 7:06 | Peasant |
| 7:10 | Improved Lumber Harvesting |
| 8:36 | Brilliance Aura |
| 8:37 | Divine Shield |
| 9:06 | Black Gunpowder |
| 9:09 | Castle |
| 9:15 | Farm |
| 9:17 | Farm |
| 10:22 | Town Hall |
| 10:47 | Footman |
| 10:51 | Refined Gunpowder |
| 11:30 | Peasant |
| 11:30 | Peasant |
| 11:36 | Workshop |
| 11:46 | Advanced Lumber Harvesting |
| 11:57 | Peasant |
| 12:34 | Workshop |
| 12:58 | Studded Leather Armor |
| 12:59 | Imbued Gunpowder |
| 13:15 | Workshop |
| 13:21 | Flak Cannons |
| 13:22 | Flying Machine Bombs |
| 13:42 | Holy Light |
| 14:33 | Flying Machine |
| 14:44 | Summon Water Elemental |
| 15:18 | Peasant |
| 15:19 | Peasant |
| 15:19 | Peasant |
| 15:19 | Peasant |
| 15:26 | Peasant |
| 15:26 | Peasant |
| 15:27 | Peasant |
| 15:48 | Flying Machine |
| 15:48 | Flying Machine |
| 15:55 | Peasant |
| 15:55 | Peasant |
| 16:10 | Peasant |
| 16:18 | Peasant |
| 16:21 | Peasant |
| 16:22 | Peasant |
| 16:27 | Flying Machine |
| 17:01 | Flying Machine |
| 17:02 | Flying Machine |
| 17:06 | Reinforced Leather Armor |
| 17:27 | Mortar Team |
| 17:27 | Mortar Team |
| 17:52 | Farm |
| 17:54 | Farm |
| 17:56 | Farm |
| 17:57 | Farm |
| 18:00 | Farm |
| 18:40 | Potion of Lesser Invulnerability |
| 18:40 | Scroll of Town Portal |
| 18:49 | Periapt of Vitality |
| 19:31 | Brilliance Aura |
| 20:55 | Flying Machine |
| 20:55 | Flying Machine |
| 20:55 | Flying Machine |
| 20:55 | Flying Machine |
| 20:55 | Flying Machine |
| 20:55 | Flying Machine |
| 20:55 | Flying Machine |
| 21:30 | Dragonhide Armor |
| 21:47 | Flying Machine |
| 21:48 | Flying Machine |
| 21:48 | Flying Machine |
| 21:49 | Flying Machine |
| 22:03 | Arcane Vault |
| 22:13 | Improved Masonry |
| 23:16 | Devotion Aura |
| 24:28 | Flying Machine |
| 24:29 | Flying Machine |
| 24:29 | Flying Machine |
| 24:29 | Flying Machine |
| 24:29 | Flying Machine |
| 24:29 | Flying Machine |
| 24:29 | Flying Machine |
| 24:29 | Flying Machine |
| 26:24 | Holy Light |
| Right click | 430 |
| Select | 242 |
| Chat | 175 |
| Build/train/purchase | 116 |
| Minimap ping | 23 |
| Use ability | 17 |
| Remove unit | 2 |
| Item give/drop | 1 |
CRIAGarm
(2)
(26:50) : 
| Healing Salve | 1 | 100 |
| Lesser Clarity Potion | 1 | 70 |
| Orb of Lightning | 1 | 375 |
| Scroll of Town Portal | 2 | 700 |
| Periapt of Vitality | 1 | 325 |
| total: | 6 | 1570g |
| Peon | 15 | 1125 | / | 0 |
| Troll Headhunter | 19 | 2660 | / | 380 |
| Kodo Beast | 3 | 765 | / | 180 |
| Troll Witch Doctor | 3 | 435 | / | 75 |
| Shaman | 3 | 390 | / | 60 |
| Troll Berserker | 8 | 1120 | / | 160 |
| total: | 51 | 6495g | / | 855w |
| Watch Tower | 11 | 1210 | / | 880 |
| Orc Burrow | 7 | 1120 | / | 280 |
| Altar of Storms | 1 | 180 | / | 50 |
| War Mill | 1 | 205 | / | 0 |
| Barracks | 1 | 180 | / | 50 |
| Voodoo Lounge | 1 | 130 | / | 30 |
| Great Hall | 3 | 1155 | / | 555 |
| Spirit Lodge | 3 | 450 | / | 450 |
| Beastiary | 1 | 145 | / | 140 |
| Stronghold | 1 | 315 | / | 190 |
| Fortress | 1 | 325 | / | 190 |
| total: | 29 | 4775g | / | 2435w |
| 0:05 | Peon |
| 0:05 | Peon |
| 0:12 | Orc Burrow |
| 0:16 | Altar of Storms |
| 0:35 | Peon |
| 0:54 | War Mill |
| 0:55 | Peon |
| 1:06 | Orc Burrow |
| 1:11 | Peon |
| 1:42 | Barracks |
| 1:45 | Peon |
| 1:49 | Peon |
| 1:59 | Voodoo Lounge |
| 2:08 | Peon |
| 2:26 | Peon |
| 2:31 | Steel Armor |
| 2:48 | Troll Headhunter |
| 2:55 | Peon |
| 3:08 | Troll Headhunter |
| 3:20 | Orc Burrow |
| 3:32 | Watch Tower |
| 3:45 | Troll Headhunter |
| 3:47 | War Stomp |
| 4:00 | Troll Headhunter |
| 4:36 | Troll Headhunter |
| 4:49 | Healing Salve |
| 4:53 | Lesser Clarity Potion |
| 4:58 | Watch Tower |
| 5:00 | Steel Ranged Weapons |
| 5:04 | Troll Headhunter |
| 5:20 | Troll Headhunter |
| 5:36 | Watch Tower |
| 5:42 | Orc Burrow |
| 6:16 | Endurance Aura |
| 6:23 | Troll Headhunter |
| 6:27 | Spiked Barricades |
| 6:28 | Stronghold |
| 6:42 | Troll Headhunter |
| 6:48 | Watch Tower |
| 7:38 | War Stomp |
| 8:49 | Troll Regeneration |
| 8:53 | Spirit Lodge |
| 8:57 | Spirit Lodge |
| 9:00 | Beastiary |
| 9:02 | Thorium Armor |
| 9:19 | Great Hall |
| 9:54 | Great Hall |
| 10:01 | Thorium Ranged Weapons |
| 10:22 | Spirit Lodge |
| 10:23 | Witch Doctor Adept Training |
| 10:26 | Kodo Beast |
| 10:55 | Fortress |
| 10:57 | Reinforced Defenses |
| 11:34 | Periapt of Vitality |
| 12:38 | Endurance Aura |
| 13:09 | Shaman Adept Training |
| 13:14 | Troll Headhunter |
| 13:15 | Kodo Beast |
| 13:17 | Arcanite Ranged Weapons |
| 14:04 | War Stomp |
| 14:26 | Witch Doctor Master Training |
| 14:27 | Shaman Master Training |
| 14:28 | Troll Witch Doctor |
| 14:28 | Shaman |
| 14:29 | Troll Headhunter |
| 14:30 | Troll Headhunter |
| 14:30 | Troll Headhunter |
| 14:30 | Troll Headhunter |
| 14:30 | Troll Headhunter |
| 14:49 | Scroll of Town Portal |
| 15:28 | Troll Witch Doctor |
| 15:28 | Shaman |
| 15:29 | Kodo Beast |
| 15:30 | War Drums Damage Increase |
| 15:36 | Peon |
| 15:37 | Peon |
| 15:37 | Peon |
| 15:37 | Peon |
| 15:54 | Peon |
| 16:00 | Orc Burrow |
| 16:25 | Endurance Aura |
| 16:47 | Berserker Upgrade |
| 16:47 | Troll Headhunter |
| 16:47 | Troll Headhunter |
| 16:48 | Troll Headhunter |
| 16:48 | Troll Headhunter |
| 17:56 | Watch Tower |
| 17:58 | Watch Tower |
| 18:27 | Scroll of Town Portal |
| 18:27 | Orb of Lightning |
| 18:30 | Troll Berserker |
| 18:30 | Troll Berserker |
| 18:30 | Troll Berserker |
| 18:31 | Troll Berserker |
| 18:34 | Watch Tower |
| 19:27 | Great Hall |
| 19:48 | Reincarnation |
| 20:43 | Orc Burrow |
| 20:46 | Orc Burrow |
| 21:07 | Watch Tower |
| 22:45 | Watch Tower |
| 23:05 | Troll Berserker |
| 23:05 | Troll Berserker |
| 23:05 | Troll Berserker |
| 23:05 | Troll Berserker |
| 23:07 | Troll Witch Doctor |
| 23:08 | Shaman |
| 24:03 | Watch Tower |
| 24:17 | Shockwave |
| 25:01 | Arcanite Armor |
| 25:02 | Improved Spiked Barricades |
| 26:32 | Pillage |
| 26:33 | Backpack |
| 26:35 | Liquid Fire |
| 26:36 | Envenomed Spears |
| 26:36 | Ensnare |
| 26:39 | Steel Melee Weapons |
| 26:42 | Burning Oil |
| 26:42 | Berserker Strength |
| 26:47 | Watch Tower |
| Right click | 904 |
| Select | 315 |
| Build/train/purchase | 112 |
| Use ability | 20 |
| Resource trade | 5 |
| Minimap ping | 4 |


| Lesser Clarity Potion | 2 | 140 |
| Potion of Mana | 1 | 200 |
| Scroll of Town Portal | 1 | 350 |
| total: | 4 | 690g |
| Wisp | 19 | 1140 | / | 0 |
| Archer | 1 | 130 | / | 10 |
| Rogue | 3 | 450 | / | 0 |
| Assassin | 7 | 1750 | / | 210 |
| Kobold Geomancer | 6 | 1530 | / | 180 |
| Forest Troll High Priest | 5 | 1525 | / | 200 |
| total: | 41 | 6525g | / | 600w |
| Ancient Protector | 2 | 270 | / | 160 |
| Altar of Elders | 1 | 180 | / | 50 |
| Moon Well | 10 | 1800 | / | 400 |
| Ancient of War | 2 | 300 | / | 120 |
| Ancient of Wonders | 1 | 90 | / | 30 |
| Hunter's Hall | 1 | 210 | / | 100 |
| Tree of Life | 2 | 680 | / | 370 |
| Tree of Ages | 1 | 320 | / | 180 |
| Tree of Eternity | 1 | 330 | / | 200 |
| total: | 19 | 3530g | / | 1230w |
| 0:05 | Wisp |
| 0:05 | Wisp |
| 0:06 | Wisp |
| 0:23 | Altar of Elders |
| 0:35 | Moon Well |
| 0:41 | Wisp |
| 0:49 | Ancient of War |
| 0:51 | Wisp |
| 0:51 | Wisp |
| 1:17 | Wisp |
| 1:17 | Wisp |
| 1:51 | Moon Well |
| 1:55 | Moon Well |
| 1:57 | Archer |
| 2:02 | Wisp |
| 2:03 | Wisp |
| 2:03 | Wisp |
| 2:09 | Ancient of Wonders |
| 2:13 | Moon Well |
| 2:36 | Breath of Fire |
| 2:44 | Moon Well |
| 3:07 | Hunter's Hall |
| 3:25 | Wisp |
| 3:25 | Wisp |
| 3:25 | Wisp |
| 3:34 | Ancient of War |
| 3:37 | Lesser Clarity Potion |
| 3:38 | Lesser Clarity Potion |
| 4:08 | Tree of Ages |
| 4:18 | Drunken Brawler |
| 4:24 | Moon Well |
| 4:43 | Ultravision |
| 5:23 | Rogue |
| 5:24 | Assassin |
| 6:34 | Nature's Blessing |
| 6:53 | Strength of the Wild |
| 6:54 | Reinforced Hides |
| 7:22 | Incinerate |
| 7:44 | Rogue |
| 7:45 | Assassin |
| 7:45 | Kobold Geomancer |
| 8:00 | Forest Troll High Priest |
| 8:14 | Drunken Brawler |
| 8:20 | Kobold Geomancer |
| 9:07 | Soul Burn |
| 9:23 | Tree of Life |
| 9:24 | Tree of Eternity |
| 9:34 | Forest Troll High Priest |
| 10:05 | Assassin |
| 10:35 | Kobold Geomancer |
| 11:00 | Moon Well |
| 11:00 | Moon Well |
| 11:46 | Wisp |
| 11:46 | Wisp |
| 11:47 | Wisp |
| 11:47 | Wisp |
| 11:47 | Wisp |
| 11:50 | Improved Strength of the Wild |
| 11:52 | Well Spring |
| 12:15 | Kobold Geomancer |
| 13:11 | Forest Troll High Priest |
| 13:19 | Kobold Geomancer |
| 13:51 | Incinerate |
| 13:56 | Rogue |
| 13:56 | Assassin |
| 13:57 | Forest Troll High Priest |
| 14:07 | Breath of Fire |
| 14:49 | Scroll of Town Portal |
| 14:52 | Potion of Mana |
| 15:12 | Assassin |
| 16:21 | Soul Burn |
| 16:57 | Breath of Fire |
| 18:27 | Moon Well |
| 18:29 | Moon Well |
| 19:50 | Tree of Life |
| 20:12 | Drunken Brawler |
| 20:17 | Incinerate |
| 20:58 | Ancient Protector |
| 21:00 | Ancient Protector |
| 21:10 | Kobold Geomancer |
| 21:10 | Forest Troll High Priest |
| 23:52 | Assassin |
| 23:56 | Assassin |
| 25:26 | Volcano |
| 26:23 | Drunken Haze |
| Select group | 512 |
| Right click | 305 |
| Select | 208 |
| Misc. action | 183 |
| Use ability | 101 |
| Build/train/purchase | 98 |
| Chat | 95 |
| Assign group | 93 |
| Resource trade | 8 |
| Minimap ping | 5 |
| Remove unit | 1 |
⇛